 Dungeon Crawl Stone Soup version 0.18-a0-1292-ge8ad84c (webtiles) character file.

18 Gagarin the Insei (level 2, 0/21 HPs)
             Began as a Demonspawn Transmuter on Feb 9, 2016.
             Succumbed to a goblin's poison
             ... on level 1 of the Dungeon.
             The game lasted 00:02:43 (1098 turns).

Gagarin the Insei (Demonspawn Transmuter)           Turns: 1098, Time: 00:02:43

Health: 0/21       AC:  3    Str: 10    XL:     2   Next: 51%
Magic:  5/5        EV: 12    Int: 14    God:
Gold:   7          SH:  0    Dex: 13    Spells: 1 memorised, 4 levels left

rFire  . . .     SeeInvis .       - Unarmed
rCold  . . .     Gourm    .     b - +1 robe
rNeg   . . .     Faith    .     (no shield)
rPois  .         Spirit   .     (no helmet)
rElec  .         Dismiss  .     (no cloak)
rCorr  .         Reflect  .     (no gloves)
SustAt .         Harm     .     (no boots)
MR     .....                    (no amulet)
Stlth  +.........               (no ring)
                                (no ring)

@: lethally poisoned (0 -> -3), very slightly contaminated, hasted, very quick,
not resistant to hostile enchantments, very unstealthy
A: demonic guardian 1
a: no special abilities


You were on level 1 of the Dungeon.
You were not hungry.

You visited 1 branch of the dungeon, and saw 1 of its levels.

You collected 7 gold pieces.

Inventory:

Hand Weapons
 m - a +0 dagger of venom
Missiles
 a - 12 arrows
 k - 8 javelins (quivered)
Armour
 b - a +1 robe (worn)
Scrolls
 e - a scroll of enchant armour
 j - a scroll of random uselessness
Books
 c - a book of Changes

   Spells                             Type                      Level
   a - Beastly Appendage              Transmutation                1
   b - Sticks to Snakes               Transmutation                2
   c - Spider Form                    Transmutation/Poison         3
   d - Ice Form                       Ice/Transmutation            4
   e - Blade Hands                    Transmutation                5
Comestibles
 d - a bread ration
 f - 2 chunks of flesh
 g - 2 meat rations
 h - a slice of pizza


   Skills:
 + Level 1.2 Fighting
 + Level 1.9 Dodging
 + Level 0.2 Stealth
 + Level 3.1 Unarmed Combat
 + Level 2.2 Spellcasting
 + Level 1.7 Transmutations


You had 4 spell levels left.
You knew the following spells:

 Your Spells              Type           Power        Failure   Level  Hunger
a - Beastly Appendage     Trmt           #.....       14%         1    #......


Dungeon Overview and Level Annotations

Branches:
Dungeon (1/15)

Altars:


Innate Abilities, Weirdness & Mutations

A weak demonic guardian rushes to your aid.


Message History

Identify which item? (\ to view known items) (? for menu, Esc to quit)
j - a scroll of random uselessness You spend a moment contemplating the meaning of life.
* * * LOW HITPOINT WARNING * * *
You feel sick.
There is an open door here.
The bat hits you but does no damage.
You hit the bat.
You kill the bat!
* * * LOW HITPOINT WARNING * * *
You feel sick.
Your horns disappear.
* * * LOW HITPOINT WARNING * * *
You feel sick.
You open the door.
There is an open door here.
* * * LOW HITPOINT WARNING * * *
You feel sick.
Some of the chunks of flesh in your inventory have rotted away.
You die...

### #.# #.. ..# #.# #.# #.# ##'##
#.# #.# ##...## ###### ## #.# #.#
##.....###....# ##.#### ..#
##.......##.#### ##....#.
..####.........#.# ####..≈..##
.....+.........'.# #.#...≈≈..#
..####.........#@##...#.....≈≈..#
..# ##.......##.##.≈..≈≈....≈≈≈#
#)# ##.....###.##...≈≈≈≈≈..≈.≈.
#.# ##...## #.# #..≈≈≈≈≈≈....#
#.# ##+## #.# #..≈≈≈≈≈≈≈..## #.#
#.# #.. #..≈≈≈.≈≈≈..#÷ #.# #.#
#.. #.≈≈≈≈..≈.≈.#. #.########.##
##. #.≈≈..<..≈≈≈.#
#.......#...##### #≈≈.≈≈..≈≈≈.##


There were no monsters in sight!

Vanquished Creatures
  2 giant geckos (D:1)
  2 giant cockroaches (D:1)
  3 goblins (D:1)
  A hobgoblin (D:1)
  A kobold (D:1)
  5 bats (D:1)
  3 rats (D:1)
17 creatures vanquished.

Notes
Turn   | Place    | Note
--------------------------------------------------------------
     0 | D:1      | Gagarin the Demonspawn Transmuter began the quest for the Orb.
     0 | D:1      | Reached XP level 1. HP: 15/15 MP: 3/3
   378 | D:1      | Reached skill level 3 in Unarmed Combat
   417 | D:1      | Gained mutation: A weak demonic guardian rushes to your aid. [demonic ancestry]
   417 | D:1      | Reached XP level 2. HP: 4/21 MP: 3/5
  1092 | D:1      | HP: 1/21 [poisoned by a goblin]
  1098 | D:1      | Succumbed to a goblin's poison

Vault maps used:
D:1:      dpeg_arrival_subterranean_lakeside_camping, amethyst_killhole

Action                   || total
-------------------------++-------
Melee: Unarmed           ||    60
 Cast: Beastly Appendage ||    12
  Use: Scroll            ||     2
       Potion            ||     1
 Stab: Sleeping          ||     1
  Eat: Chunk             ||     1
